 Dungeon Crawl Stone Soup version 0.28-b1-1-g3c77fb2ed1 (webtiles) character file.

Game seed: 10378688504150408459

678 cayde69 the Spear-Bearer (level 7, 0/63 HPs)
             Began as a Minotaur Berserker on Jan 28, 2022.
             Was a Priest of Trog.
             Slain by a gnoll (5 damage)
             ... on level 4 of the Dungeon.
             The game lasted 00:11:47 (3493 turns).

cayde69 the Spear-Bearer (Minotaur Berserker)       Turns: 3493, Time: 00:11:50

Health: 0/63       AC:  6    Str: 24    XL:     7   Next: 34%
Magic:  6/6        EV: 11    Int:  4    God:    Trog [***...]
Gold:   112        SH:  3    Dex:  9    Spells: 6/6 levels left

rFire   + . .      SeeInvis .   a - +0 spear
rCold   . . .      Faith    .   j - +0 buckler
rNeg    . . .      Spirit   .   t - +3 leather armour {rF+}
rPois   .          Reflect  .   (helmet restricted)
rElec   .          Harm     .   (no cloak)
rCorr   .          Rampage  .   (no gloves)
Will    .....                   (no boots)
Stlth   +.........              v - amulet of magic regeneration
HPRegen 0.20/turn               (no ring)
MPRegen 0.50/turn               (no ring)

@: mighty, lethally poisoned (0 -> -4), on berserk cooldown, slowed, very slow
A: horns 2, retaliatory headbutt
a: Renounce Religion, Berserk, Trog's Hand


You were on level 4 of the Dungeon.
You worshipped Trog.
Trog was most pleased with you.
You visited 1 branch of the dungeon, and saw 4 of its levels.

You collected 112 gold pieces.

Inventory:

Hand Weapons
 a - a +0 spear (weapon)
 e - a +0 hand axe
 z - a +0 scythe
Missiles
 d - 118 stones (quivered)
 h - 25 arrows
 s - 7 boomerangs
 w - 18 bolts
Armour
 b - a +0 animal skin
 i - a +0 ring mail of fire resistance
 j - a +0 buckler (worn)
 r - a +0 ring mail
 t - a +3 leather armour of fire resistance (worn)
Jewellery
 f - a ring of magical power
 v - an amulet of magic regeneration (around neck)
Wands
 y - a wand of acid (2)
Scrolls
 c - 3 scrolls of identify {unknown}
 m - a scroll of holy word {unknown}
 p - a scroll of teleportation {unknown}
 q - a scroll of summoning {unknown}
 u - a scroll of acquirement {unknown}
 x - a scroll of fear {unknown}
Potions
 g - a potion of flight {unknown}
 k - a potion of haste {unknown}
 l - a potion of invisibility {unknown}
 o - a potion of mutation {unknown}


   Skills:
 + Level 6.1 Fighting
 + Level 8.8 Polearms
 - Level 2.5 Armour
 - Level 2.2 Dodging
 + Level 1.6 Shields


You had 6 spell levels left.
You didn't know any spells.
Your spell library was empty.

Dungeon Overview and Level Annotations

Branches:
Dungeon (4/15)
 Temple: D:4-7

Altars:
Sif Muna


Innate Abilities, Weirdness & Mutations

You have a pair of horns on your head.
You reflexively headbutt those who attack you in melee.


Message History

You kill the ball python!
Trog accepts your kill. You block the gnoll's attack.
You hit the orc.
The orc is heavily wounded.
The gnoll hits you from afar with a +0 halberd!
The orc hits you with a +0 mace.
You puncture the orc!
You kill the orc!
Trog accepts your kill.
You feel very mighty all of a sudden.
Your skin stops crawling.
You feel less strong-willed. The scorpion stings you.
* * * LOW HITPOINT WARNING * * *
The scorpion stings you.
* * * LOW HITPOINT WARNING * * *
You are poisoned.
The scorpion poisons you!
You barely miss the scorpion. Your headbutt misses the scorpion.
* * * LOW HITPOINT WARNING * * *
You feel very sick.
The gnoll hits you from afar with a +0 halberd.
* * * LOW HITPOINT WARNING * * *
The scorpion stings you but does no damage.
An orc comes into view. It is wielding a +0 flail.
The gnoll hits you but does no damage.
You closely miss the scorpion.
The orc shouts!
You headbutt the scorpion!
The scorpion is heavily wounded.
* * * LOW HITPOINT WARNING * * *
You feel sick. You block the scorpion's attack. You block the gnoll's attack.
The gnoll barely misses you. The scorpion closely misses you.
You puncture the scorpion!
You kill the scorpion!
Trog accepts your kill.
* * * LOW HITPOINT WARNING * * *
You feel sick.
The gnoll hits you from afar with a +0 halberd.
You die...

... #.# .# ..# ## .# ###.#
...###. ...# # # #.#...
##.## #.# ##.##.#
###.##.(g#####.# ##...#.#
#...o...g)@.#.#.###..#...#
...#.##..g##†.###....###..##
#.###.###.#.###†.#.<... ..#
#.....## ##...#.## #.#
#.###### ##.##.# ... #.##.#
(.# #.##.# .# .....# #.####


You could see 3 gnolls and an orc.

Vanquished Creatures
  Sigmund (D:4)
  An ogre (D:4)
  A phantom (D:4)
  The ghost of zeram the Ducker, an amateur SpFi (D:3)
  A scorpion (D:4)
  A water moccasin skeleton (D:4)
  A howler monkey (D:4)
  An iguana (D:4)
  5 gnolls
  5 adders
  3 dart slugs
  2 worms (D:2)
  8 orcs
  9 ball pythons
  7 endoplasms
  3 giant cockroaches
  6 hobgoblins
  4 jackals (D:1)
  4 kobolds
  2 quokkas (D:1)
  10 bats
  7 frilled lizards
  5 goblins
  7 rats
95 creatures vanquished.

Notes
Turn   | Place    | Note
-------+----------+-------------------------------------------
     0 | D:1      | cayde69 the Minotaur Berserker began the quest for the Orb.
     0 | D:1      | Reached XP level 1. HP: 19/19 MP: 0/0
   336 | D:1      | Reached XP level 2. HP: 27/27 MP: 1/1
   352 | D:1      | Reached skill level 4 in Polearms
   670 | D:1      | Reached XP level 3. HP: 26/33 MP: 2/2
  1355 | D:2      | Reached ** piety under Trog
  1384 | D:2      | Reached skill level 5 in Polearms
  1384 | D:2      | Reached XP level 4. HP: 41/41 MP: 3/3
  1984 | D:2      | Reached skill level 5 in Fighting
  2354 | D:3      | Noticed zeram's ghost (amateur SpFi)
  2358 | D:3      | Found a runed translucent gate.
  2373 | D:3      | Found a runed translucent gate.
  2374 | D:3      | Found a runed translucent gate.
  2394 | D:3      | Reached XP level 5. HP: 25/48 MP: 4/4
  2395 | D:3      | Killed zeram's ghost
  2396 | D:3      | Reached skill level 6 in Polearms
  2742 | D:3      | Reached *** piety under Trog
  2869 | D:3      | Found a shimmering blue altar of Sif Muna.
  3240 | D:4      | Reached skill level 7 in Polearms
  3240 | D:4      | Reached XP level 6. HP: 55/56 MP: 5/5
  3308 | D:4      | Noticed Sigmund
  3323 | D:4      | Killed Sigmund
  3324 | D:4      | Reached skill level 8 in Polearms
  3324 | D:4      | Reached skill level 1 in Shields
  3337 | D:4      | Reached XP level 7. HP: 44/62 MP: 6/6
  3493 | D:4      | Slain by a gnoll

Illustrated notes

Levels and vault maps discovered:
D:1:      dpeg_arrival_fog, layout_basic
D:2:      layout_basic, minmay_distorted
D:3:      layout_loops_ring, led_sif_pool, gammafunk_ghost_split
D:4:      layout_loops_ring, uniq_sigmund

Skill      XL: |  1  2  3  4  5  6  7 |
---------------+----------------------+-----
Polearms       | 4 5 7 8 |  8.8
Fighting       | 4 5 6 |  6.1
Shields        | 1 |  1.6
Armour         | |  2.5
Dodging        | |  2.2

Action                   |  1- 3 |  4- 6 |  7- 9 || total
-------------------------+-------+-------+-------++-------
Melee: Spear             |    81 |   139 |    33 ||   253
       Headbutt          |    12 |    17 |     2 ||    31
Invok: Berserk           |       |     1 |     1 ||     2
       Trog's Hand       |       |       |     1 ||     1
  Use: Potion            |       |     1 |     1 ||     2
 Stab: Sleeping          |     1 |     1 |       ||     2
Armor: Animal skin       |     8 |     8 |       ||    16
       Leather armour    |       |    14 |     8 ||    22
       Ring mail         |       |     1 |       ||     1
Dodge: Dodged            |    25 |    42 |    13 ||    80
Block: Buckler           |     2 |     9 |    11 ||    22
